 Dungeon Crawl Stone Soup version 0.31-a0-632-g766dd24fdf (webtiles) character file.

Game seed: 13553525856304624443

41 Aneyh the Poker (level 3, -1/23 HPs)
             Began as a Tengu Monk on Aug 25, 2023.
             Succumbed to a water moccasin's poison
             ... on level 3 of the Dungeon on Aug 26, 2023.
             The game lasted 00:03:37 (1611 turns).

Aneyh the Poker (Tengu Monk)                        Turns: 1611, Time: 00:03:37

Health: -1/23      AC:  3    Str: 13    XL:     3   Next: 52%
Magic:  4/4        EV: 13    Int: 10    God:
Gold:   108        SH:  0    Dex: 16    Spells: 2/2 levels left

rFire   . . .        a - +0 spear
rCold   . . .        (no shield)
rNeg    . . .        b - +0 robe
rPois   .            (helmet restricted)
rElec   .            (no cloak)
rCorr   .            i - +0 pair of gloves
SInv    .            (boots unavailable)
Will    .....        (no amulet)
Stlth   +            (no ring)
HPRegen 0.23/turn    (no ring)
MPRegen 0.09/turn

%: no passive effects
@: lethally poisoned (-1 -> -20), attractive
A: beak, talons 3
a: no special abilities


You were on level 3 of the Dungeon.
You visited 1 branch of the dungeon, and saw 3 of its levels.

You collected 108 gold pieces.

Inventory:

Hand Weapons
 a - a +0 spear (weapon)
 g - a +0 long sword
Missiles
 l - 5 poisoned darts (quivered)
Armour
 b - a +0 robe (worn)
 d - an orb of light
 i - a +0 pair of gloves (worn)
Scrolls
 e - a scroll of identify {unknown}
 f - a scroll of vulnerability {unknown}
 h - a scroll of teleportation {unknown}
 m - a scroll of fog {unknown}
 n - a scroll of silence {unknown}


   Skills:
 - Level 3.0 Fighting
 + Level 4.9 Polearms
 - Level 3.2 Dodging


You had 2 spell levels left.
You didn't know any spells.
Your spell library contained the following spells:

 Spells                   Type           Power      Damage    Failure   Level
 Stone Arrow              Conj/Erth      0%         3d7       75%         3
 Animate Armour           Summ/Erth      0%         N/A       98%         4
 Lehudib's Crystal Spear  Conj/Erth      0%         10d2      100%        8


Dungeon Overview and Level Annotations

Branches:
Dungeon (3/15)

Altars:


Innate Abilities, Weirdness & Mutations

You have a beak for a mouth.
You have claws for feet.


Message History

The water moccasin barely misses you. The water moccasin bites you!
You completely miss the water moccasin. Your kick misses the water moccasin.
The water moccasin is lightly wounded.
The water moccasin bites you!
You are lethally poisoned!
The water moccasin poisons you!
It was a potion of attraction.
You feel attractive to monsters.
* * * LOW HITPOINT WARNING * * *
You feel very sick.
The water moccasin completely misses you.
You are too injured to fight recklessly!
It was a potion of heal wounds.
You feel much better.
You feel sick. The water moccasin bites you.
You are lethally poisoned!
The water moccasin poisons you! The water moccasin bites you.
You are confused.
You feel invigorated.
You feel very sick. The water moccasin closely misses you.
You hit the water moccasin.
The water moccasin is moderately wounded.
You feel very sick. The water moccasin bites you.
You are more poisoned.
The water moccasin poisons you!
You closely miss the water moccasin. Your peck misses the water moccasin.
The water moccasin is moderately wounded.
* * * LOW HITPOINT WARNING * * *
You feel very sick. The water moccasin barely misses you.
You feel less invigorated.
You feel less confused.
* * * LOW HITPOINT WARNING * * *
You feel very sick. The water moccasin bites you.
* * * LOW HITPOINT WARNING * * *
You hit the water moccasin. You claw the water moccasin!
The water moccasin is severely wounded.
You die...

### #########.#
..........###########
#########..........<#
#######################
......................#
####.............####.#
#.###########@#### #.#
#.....S...# #.#
#.....###.# #.# +...>.
# #.# #..... #.#
....... #.# ##.....
#..... #.....


You could see a water moccasin.

Vanquished Creatures
  A worm (D:2)
  7 ball pythons
  An endoplasm (D:1)
  4 giant cockroaches
  4 goblins
  2 hobgoblins (D:1)
  A kobold (D:2)
  4 quokkas
  3 bats
  4 frilled lizards
  2 rats
33 creatures vanquished.

Notes
Turn   | Place    | Note
-------+----------+-------------------------------------------
     0 | D:1      | Aneyh the Tengu Monk began the quest for the Orb.
     0 | D:1      | Reached XP level 1. HP: 14/14 MP: 2/2
   163 | D:1      | Reached XP level 2. HP: 14/19 MP: 3/3
   214 | D:1      | Reached skill level 4 in Polearms
   681 | D:1      | Reached XP level 3. HP: 23/23 MP: 4/4
  1597 | D:3      | Noticed a water moccasin
  1611 | D:3      | Succumbed to a water moccasin's poison

Illustrated notes

Levels and vault maps discovered:
D:1:      nicolae_arrival_somewhat_less_tricky_arrival, layout_basic
D:2:      layout_loops_cross, minmay_misc_feat_rows, dreamdust_princess_bridge
D:3:      lemuel_castle_with_subvaults [lemuel_castle_interior_original],
          layout_basic, minmay_snake_closets, uniq_ijyb

Skill      XL: |  1  2 |
---------------+-------+-----
Polearms       | 4 |  4.9
Fighting       | |  3.0
Dodging        | |  3.2

Action                     || total
---------------------------++-------
  Melee: Spear             ||    89
         Kick              ||    14
         Peck              ||    11
    Use: Potion            ||     3
   Stab: Sleeping          ||     2
         Distracted        ||     1
 Armour: Robe              ||     8
  Dodge: Dodged            ||    40

Table legend: (Time is in decaauts)
 A = Elapsed time spent in this place.
 B = Non-inter-level travel time spent in this place.
 C = Inter-level travel time spent in this place.
 D = Time resting spent in this place.
 E = Time spent auto-exploring this place.
 F = Levels seen in this place.
 G = Mean time per level.
                   A        B        C        D        E       F      G
               +--------+--------+--------+--------+--------+-----+--------+
         Total |   1599 |   1521 |     78 |     25 |   1236 |   3 |  533.0 |
       Dungeon |   1599 |   1521 |     78 |     25 |   1236 |   3 |  533.0 |
               +--------+--------+--------+--------+--------+-----+--------+

Top non-repeatable levels by time:
     D:1: 858 daAuts
     D:2: 681 daAuts
     D:3: 59 daAuts
